 Dungeon Crawl Stone Soup version 0.19.0-9-gfd783f2 (webtiles) character file.

159464 dobroeutro the Markscentaur (level 17, -2/154 HPs)
             Began as a Centaur Hunter on Nov 7, 2016.
             Was the Champion of Okawaru.
             Slain by a merfolk impaler
             ... wielding a +2 trident of protection
              (9 damage)
             ... on level 3 of the Shoals.
             The game lasted 01:04:07 (28425 turns).

dobroeutro the Markscentaur (Centaur Hunter)       Turns: 28425, Time: 01:04:07

Health: -2/154     AC: 28    Str: 24    XL:     17   Next: 16%
Magic:  21/21      EV: 12    Int:  8    God:    Okawaru [******]
Gold:   2224       SH:  0    Dex: 13    Spells: 0 memorised, 16 levels left

rFire  + . .     SeeInvis .     O - +9 longbow of Righteous Anger {speed, rC+ MR+ Str+3}
rCold  + + .     Gourm    .     D - +5 scale mail of Resilience {Str+4}
rNeg   + . .     Faith    .     (shield currently unavailable)
rPois  +         Spirit   .     T - +2 hat
rElec  .         Reflect  .     N - +1 cloak {MR+}
rCorr  .         Harm     .     z - +1 pair of gloves {Dex+3}
MR     +++++                    q - +1 centaur barding {rF+}
Stlth  ..........               y - amulet of regeneration
                                B - ring "Linogguwn" {rC+ MR+ Dex-3} (curse)
                                r - ring of positive energy

@: very quick
A: claws 1, hooves 3, horns 1, deformed body, dopey 1, speed 2, magic resistance
1, poison resistance, tough skin 3, weak 1, wild magic 1
a: Heroism, Finesse, Renounce Religion


You were on level 3 of the Shoals.
You worshipped Okawaru.
Okawaru was exalted by your worship.
You were not hungry.

You visited 6 branches of the dungeon, and saw 29 of its levels.
You also visited: Volcano and Wizlab.

You collected 2881 gold pieces.
You spent 657 gold pieces at shops.

Inventory:

Hand Weapons
 s - the +1 mace "Glorpo" {drain, rElec rPois rC+ Stlth-}
   (You found it on level 13 of the Dungeon)

   A truly terrible weapon, it drains the life of those it strikes.
   It protects you from cold.
   It insulates you from electricity.
   It protects you from poison.
   It makes you less stealthy.
 O - the +9 longbow of Righteous Anger (weapon) {speed, rC+ MR+ Str+3}
   (You acquired it on level 13 of the Dungeon)

   Attacks with this weapon are significantly faster.
   It affects your strength (+3).
   It protects you from cold.
   It affects your resistance to hostile enchantments.
 X - the +5 longbow of Doom {velocity, +Blink rF+ MR+ Str+3}
   (Okawaru gifted it to you on level 2 of the Orcish Mines)

   Any arrow fired from it inflicts extra damage.
   It affects your strength (+3).
   It protects you from fire.
   It affects your resistance to hostile enchantments.
   It lets you blink.
Missiles
 d - 653 arrows (quivered)
Armour
 q - a +1 centaur barding of fire resistance (worn)
 x - a +10 plate armour of ponderousness
 z - a +1 pair of gloves of dexterity (worn)
 D - the +5 scale mail of Resilience (worn) {Str+4}
   (You found it on level 6 of the Dungeon)

   It affects your strength (+4).
 E - the +0 centaur barding of Truth {rC+ rN+ Int-2 Dex+2}
   (Okawaru gifted it to you on level 12 of the Dungeon)

   It affects your intelligence (-2).
   It affects your dexterity (+2).
   It protects you from cold.
   It protects you from negative energy.
 N - a +1 cloak of magic resistance (worn)
 T - a +2 hat (worn)
 Y - a +1 chain mail of cold resistance
 Z - a +2 chain mail of fire resistance
Jewellery
 i - an uncursed ring of protection from cold
 r - a ring of positive energy (left hand)
 y - an amulet of regeneration (around neck)
 B - the cursed ring "Linogguwn" (right hand) {rC+ MR+ Dex-3}
   (You bought it in a shop on level 2 of the Orcish Mines)

   [ring of dexterity]

   It affects your dexterity (-3).
   It protects you from cold.
   It affects your resistance to hostile enchantments.
   It has a curse placed upon it.
 G - an uncursed ring of protection from fire
 V - a +3 amulet of reflection
Wands
 b - a wand of digging (3/24)
 e - a wand of teleportation (0/9)
 t - a wand of hasting (3/9)
 H - a wand of lightning (7/15)
 U - a wand of teleportation (2/9)
Scrolls
 g - 8 scrolls of remove curse
 l - 2 scrolls of identify
 m - 3 scrolls of brand weapon
 o - 9 scrolls of teleportation
 p - 4 scrolls of fear
 F - 2 scrolls of blinking
 I - 7 scrolls of magic mapping
 J - 2 scrolls of recharging
 R - 2 scrolls of enchant weapon
Potions
 a - 2 potions of invisibility
 j - 5 potions of agility
 k - 8 potions of flight
 n - 12 potions of curing
 v - a potion of heal wounds
 A - 9 potions of haste
 C - 3 potions of brilliance
 K - 2 potions of might
 L - a potion of beneficial mutation
 P - 3 potions of resistance
 Q - 2 potions of magic
 W - 2 potions of ambrosia
Miscellaneous
 M - a disc of storms
Comestibles
 c - 10 slices of pizza
 f - 10 bread rations
 h - 12 beef jerkies
 u - 46 fruits
 w - 4 meat rations


   Skills:
 + Level 14.4 Fighting
 - Level 7.0 Maces & Flails
 * Level 20.2 Bows
 + Level 11.4 Armour
 + Level 11.8 Dodging
 - Level 0.4 Stealth
 - Level 5.8 Invocations
 + Level 1.2 Evocations


You had 16 spell levels left.
You didn't know any spells.

Dungeon Overview and Level Annotations

Branches:
Dungeon (15/15)            Temple (1/1) D:4            Lair (6/6) D:11
 Shoals (3/4) Lair:2       Spider (0/4) Lair:4        Slime (0/5) Lair:5
    Orc (2/2) D:12            Elf (2/3) Orc:2        Vaults (0/5) D:14
 Depths (0/5) D:15

Altars:
Ashenzari
Cheibriados
Dithmenos
Elyvilon
Fedhas
Gozag
Hepliaklqana
Kikubaaqudgha
Makhleb
Nemelex Xobeh
Okawaru
Qazlal
Ru
Sif Muna
Trog
Uskayaw
Vehumet
Xom
Yredelemnul
Zin
The Shining One
Jiyva

Shops:
Orc:2 :?([%=*   Elf:2 *

Annotations:
D:10 Psyche, Sonja
Elf:2 3 runed doors


Innate Abilities, Weirdness & Mutations

You have hooves in place of feet.
Armour fits poorly on your strangely shaped body.
You cover ground very quickly.
You have extremely tough skin. (AC +3)
You have sharp fingernails.
You have a pair of small horns on your head.
You are dopey. (Int -2)
You are resistant to hostile enchantments. (MR+)
Your system is resistant to poisons. (rPois)
You are weak. (Str -2)
Your spells are a little harder to cast, but a little more powerful.


Message History

The merfolk impaler hits you but does no damage.
The merfolk impaler misses you.
The merfolk impaler hits you from afar with a trident of protection.
* * * LOW HITPOINT WARNING * * *
The merfolk impaler hits you but does no damage.
The merfolk impaler barely misses you. The merfolk impaler closely misses you.
The merfolk impaler hits you from afar with a trident of protection!
* * * LOW HITPOINT WARNING * * *
The merfolk impaler hits you from afar with a trident of protection!
* * * LOW HITPOINT WARNING * * *
The merfolk impaler hits you from afar with a trident of protection.
* * * LOW HITPOINT WARNING * * *
You feel better.
The merfolk impaler hits you but does no damage.
You feel better.
The merfolk impaler hits you from afar with a trident of protection!!
* * * LOW HITPOINT WARNING * * *
The merfolk impaler hits you from afar with a trident of protection!
You die...

≈≈≈≈≈≈≈≈≈.........##....≈≈≈≈≈≈≈≈≈
≈..≈≈≈≈≈...##.≈≈..#......≈.≈≈≈≈≈≈
^....≈≈≈..###.≈≈..#......≈≈.≈≈≈≈≈
.....≈≈≈≈.# #≈≈≈..#.>.^..≈≈≈≈≈≈≈≈
.##...≈≈≈.###≈≈≈....#.≈≈≈≈≈≈P≈≈≈≈
.###...≈..≈....≈≈≈.#..≈≈≈≈P≈PP≈≈≈
.###...≈≈≈≈...≈≈≈≈≈.≈≈.....PPPP.≈
}.##..≈≈≈≈≈≈≈≈≈≈≈≈≈≈≈≈....P.≈≈P≈≈
≈.###.≈≈≈≈≈≈≈≈m≈@≈≈≈≈≈.....P.≈≈≈≈
..##...≈≈≈≈≈≈≈≈≈≈≈≈.≈....##...)≈≈
≈≈..≈≈≈≈≈≈≈≈≈≈≈≈≈≈≈≈≈...####...≈≈
≈≈≈≈≈≈≈≈≈≈≈≈≈≈≈≈≈≈≈≈≈≈...#...≈≈≈≈
≈≈≈≈≈≈≈≈≈≈≈≈≈≈≈≈≈≈≈≈≈≈≈≈.....≈≈≈≈
≈≈≈≈≈≈≈≈≈≈≈≈≈≈≈≈≈≈≈≈≈≈≈≈P≈≈.≈≈≈≈>
≈≈≈≈≈≈≈≈≈≈≈≈≈≈≈≈≈≈≈≈≈≈≈≈)P.≈≈≈≈..
≈≈≈≈≈≈≈≈≈≈≈≈≈≈≈≈≈≈≈≈≈≈≈≈≈≈PP≈≈...
≈≈≈≈..≈≈≈≈≈≈≈≈≈≈≈≈≈≈≈≈≈≈P≈P<≈≈...


You could see a merfolk impaler.

Vanquished Creatures
  A Cloud Mage (WizLab)
  Rupert (D:12)
  Gastronok (Lair:2)
  An orc warlord (Orc:2)
  Louise (D:14)
  A merfolk javelineer (Shoals:2)
  5 dire elephants (Lair:6)
  A yaktaur captain (D:14)
  Josephine (D:11)
  A deep elf high priest (Elf:1)
  8 hydras
  2 spriggan air magi (WizLab)
  4 centaur warriors
  3 death knights
  A merfolk avatar (Shoals:2)
  An anaconda (Lair:6)
  9 dancing weapons
  2 satyrs
  2 tengu warriors (D:14)
  3 ogre magi
  6 death yaks (Lair:6)
  A titan zombie (D:15)
  6 deep elf knights (Elf:2)
  A sun demon (Volcano)
  A vampire mage (D:15)
  A hell knight (Volcano)
  The ghost of Asilar the Cleaver, a novice MiBe of Trog (D:9)
  7 skeletal warriors
  10 sea snakes
  2 unseen horrors
  2 deep trolls (Orc:2)
  6 hill giants
  A wizard (D:14)
  6 deep elf archers
  A flayed ghost (D:13)
  An obsidian statue (Volcano)
  An orange crystal statue (D:14)
  The ghost of mistymad the Zephyrmancer, a novice TeAE of Sif Muna (D:7)
  Pikel (D:6)
  10 harpies
  5 ugly things
  2 orc knights (D:15)
  29 deep elf magi
  A necromancer (D:15)
  5 cyclopes
  2 orc sorcerers
  9 manticores
  13 fauns
  5 sirens
  2 black mambas
  10 elephants
  A centaur zombie (D:13)
  2 water nymphs (Shoals:1)
  2 gargoyles
  16 spiny frogs
  3 centaur skeletons
  A rime drake (Lair:3)
  An efreet (D:15)
  3 yaktaurs
  3 komodo dragons
  5 freezing wraiths
  15 trolls
  A polar bear (Lair:5)
  2 jumping spiders (Lair:4)
  13 merfolk
  7 wind drakes
  A wolf spider simulacrum (D:15)
  3 snapping turtles
  A two-headed ogre (shapeshifter) (D:13)
  A blink frog (shapeshifter) (Elf:1)
  Prince Ribbit (D:8)
  A spriggan zombie (D:15)
  12 two-headed ogres
  11 hippogriffs
  A meliai zombie (D:14)
  4 dream sheep
  2 redbacks (Lair:4)
  37 air elementals
  An ice dragon zombie (D:15)
  An ettin skeleton (D:15)
  10 wraiths
  2 shadows
  2 wyverns
  24 yaks
  A spriggan (shapeshifter) (D:15)
  3 water elementals
  2 hungry ghosts
  3 basilisks
  7 fire bats
  3 fire elementals (Elf:2)
  Grum (D:7)
  12 insubstantial wisps (WizLab)
  A warg (shapeshifter) (D:12)
  A mottled dragon (D:13)
  5 swamp worms (Lair:1)
  8 water moccasins
  3 porcupines
  4 wargs
  2 sky beasts
  15 orc warriors
  A slave (D:6)
  2 black bears
  A hornet zombie (D:15)
  2 ice beasts
  2 phantoms
  3 necrophages
  An eye of draining (D:14)
  A sky beast (shapeshifter) (D:14)
  8 wolves
  27 ogres
  8 crocodiles
  22 centaurs
  Blork the orc (D:6)
  7 big kobolds
  A gnoll sergeant (D:9)
  11 bullfrogs
  A wyvern zombie (D:15)
  An earth elemental (Elf:2)
  A wyvern skeleton (D:7)
  12 killer bees
  10 wights
  4 electric eels
  5 howler monkeys
  5 lava snakes (Volcano)
  7 crimson imps
  A quasit (D:11)
  4 bullfrog zombies
  13 orc priests
  5 hounds
  3 jellies
  A bullfrog skeleton (D:4)
  Crazy Yiuf (D:5)
  4 iguanas
  9 orc wizards
  Natasha (D:2)
  6 worker ants
  A hound skeleton (D:4)
  A mummy (D:12)
  6 gnolls
  10 adders
  5 shadow imps
  An ooze (D:3)
  15 worms
  2 dart slugs (D:1)
  7 leopard geckos
  31 orcs
  2 ball pythons
  11 giant cockroaches
  5 goblins (D:1)
  10 hobgoblins
  2 jackals (D:4)
  5 quokkas
  15 bats
  A frilled lizard (D:3)
  51 kobolds
  A leopard gecko skeleton (D:5)
  10 rats
  A withered plant (D:15)
844 creatures vanquished.

Vanquished Creatures (others)
  Maurice (D:10)
  2 wind drakes (WizLab)
  2 gnolls (D:6)
  12 fungi
  13 plants
  8 withered plants
38 creatures vanquished.

Grand Total: 882 creatures vanquished

Notes
Turn   | Place    | Note
-------+----------+-------------------------------------------
     0 | D:1      | dobroeutro the Centaur Hunter began the quest for the Orb.
     0 | D:1      | Reached XP level 1. HP: 17/17 MP: 1/1
   124 | D:1      | Reached XP level 2. HP: 23/24 MP: 2/2
   158 | D:1      | Reached skill level 6 in Bows
   602 | D:1      | Reached XP level 3. HP: 28/29 MP: 3/3
  1091 | D:2      | Reached skill level 7 in Bows
  1095 | D:2      | Noticed Natasha
  1101 | D:2      | Killed Natasha
  1101 | D:2      | Reached XP level 4. HP: 24/36 MP: 4/4
  1873 | D:3      | Reached skill level 8 in Bows
  2288 | D:3      | Reached XP level 5. HP: 13/41 MP: 5/5
  3105 | D:4      | Noticed an ogre
  3137 | D:4      | Killed an ogre
  3137 | D:4      | Reached skill level 9 in Bows
  3145 | D:4      | Reached XP level 6. HP: 13/48 MP: 6/6
  3155 | D:4      | Got an ichor-stained centaur barding
  3161 | D:4      | Identified the +4 centaur barding of the Manifold Planets {Str+3} (You found it on level 4 of the Dungeon)
  3438 | D:4      | Found a staircase to the Ecumenical Temple.
  3442 | D:4      | Identified the Papyrus of Supportive Poison
  3454 | Temple   | Entered the Ecumenical Temple
  3770 | D:4      | Found an opulent altar of Gozag.
  3882 | D:4      | Reached skill level 10 in Bows
  3899 | D:5      | Entered Level 5 of the Dungeon
  3930 | D:5      | Found a basalt altar of Yredelemnul.
  4028 | D:5      | Found a runed door.
  4224 | D:5      | Reached XP level 7. HP: 42/56 MP: 7/7
  4267 | D:5      | Reached skill level 1 in Armour
  4485 | D:5      | Noticed Crazy Yiuf
  4495 | D:5      | Killed Crazy Yiuf
  4870 | D:6      | Reached skill level 1 in Maces & Flails
  4873 | D:6      | Reached XP level 8. HP: 62/64 MP: 8/8
  5093 | D:6      | Reached skill level 11 in Bows
  5249 | D:6      | Noticed Blork the orc
  5261 | D:6      | Killed Blork the orc
  5277 | D:6      | Noticed Pikel
  5331 | D:6      | Killed Pikel
  5411 | D:6      | Reached XP level 9. HP: 73/73 MP: 9/9
  5538 | D:6      | Reached skill level 5 in Fighting
  6022 | D:6      | Got a faintly humming scale mail
  6033 | D:6      | Identified the +5 scale mail of Resilience {Str+4} (You found it on level 6 of the Dungeon)
  6436 | D:7      | Noticed mistymad's ghost (novice TeAE)
  6443 | D:7      | Killed mistymad's ghost
  6443 | D:7      | Reached skill level 12 in Bows
  6611 | D:7      | Noticed a manticore
  6628 | D:7      | Killed a manticore
  6705 | D:7      | Found a blossoming altar of Fedhas.
  6716 | D:7      | Found a snail-covered altar of Cheibriados.
  6718 | D:7      | Found a hide-covered altar of Uskayaw.
  6985 | D:8      | Noticed Grum
  7030 | D:7      | Reached XP level 10. HP: 42/83 MP: 10/10
  7119 | D:7      | Killed Grum
  7169 | D:7      | Gained mutation: You are clumsy. (Dex -2) [potion of mutation]
  7169 | D:7      | Gained mutation: Your spells are a little harder to cast, but a little more powerful. [potion of mutation]
  7169 | D:7      | Lost mutation: You are clumsy. (Dex -2) [potion of mutation]
  7247 | D:8      | Found a shattered altar of Ashenzari.
  7603 | D:8      | Noticed Prince Ribbit
  7623 | D:8      | Killed Prince Ribbit
  8030 | D:9      | Found an iron altar of Okawaru.
  8031 | D:9      | Found an ancient bone altar of Kikubaaqudgha.
  8110 | D:9      | Became a worshipper of Warmaster Okawaru
  8127 | D:9      | Reached skill level 5 in Maces & Flails
  8127 | D:9      | Reached skill level 5 in Dodging
  8211 | D:9      | Noticed Asilar's ghost (novice MiBe)
  8225 | D:9      | Killed Asilar's ghost
  8225 | D:9      | Reached * piety under Okawaru
  8776 | D:10     | Entered Level 10 of the Dungeon
  8836 | D:10     | Reached skill level 5 in Armour
  8971 | D:10     | You fall through a shaft for 2 floors!
  8976 | D:12     | Noticed a hill giant
  8996 | D:11     | Noticed a gargoyle
  9057 | D:10     | Noticed Maurice
  9084 | D:10     | Killed Maurice
  9091 | D:10     | Reached skill level 13 in Bows
  9120 | D:10     | Noticed Sonja
  9122 | D:10     | Noticed Psyche
  9140 | D:11     | Gained mutation: You are weak. (Str -2) [mutagenic meat]
  9141 | D:11     | Gained mutation: You have sharp fingernails. [mutagenic meat]
  9143 | D:11     | Gained mutation: You are resistant to hostile enchantments. (MR+) [mutagenic meat]
  9144 | D:11     | Gained mutation: Your system is resistant to poisons. (rPois) [mutagenic meat]
  9186 | D:11     | Reached ** piety under Okawaru
  9379 | D:11     | Noticed Josephine
  9406 | D:11     | HP: 4/86 [Josephine/dagger of draining (2)]
  9654 | D:11     | Reached XP level 11. HP: 92/92 MP: 11/11
  9782 | D:11     | Found a staircase to the Lair.
 10148 | D:11     | You fall through a shaft!
 10148 | D:12     | Noticed Rupert
 10148 | D:12     | Noticed a death knight
 10148 | D:12     | Noticed a skeletal warrior
 10383 | D:12     | Gained mutation: You have a pair of small horns on your head. [mutagenic meat]
 10384 | D:12     | Gained mutation: You are dopey. (Int -2) [mutagenic meat]
 10601 | D:12     | Reached *** piety under Okawaru
 10608 | D:12     | HP: 3/92 [komodo dragon (23)]
 10960 | D:11     | Killed Josephine
 11273 | D:11     | Received a gift from Okawaru
 11427 | D:11     | Noticed a two-headed hydra
 11458 | D:11     | Received a gift from Okawaru
 11461 | D:11     | Killed a two-headed hydra
 11564 | D:11     | Reached **** piety under Okawaru
 11564 | D:11     | Received a gift from Okawaru
 11795 | Lair:1   | Entered Level 1 of the Lair of Beasts
 11984 | Lair:1   | Noticed a six-headed hydra
 12175 | Lair:1   | Killed a six-headed hydra
 12175 | Lair:1   | Reached skill level 14 in Bows
 12250 | Lair:1   | Received a gift from Okawaru
 13001 | Lair:2   | Identified a scroll of acquirement
 13068 | Lair:2   | Reached XP level 12. HP: 103/103 MP: 12/12
 13130 | Lair:2   | Noticed a four-headed hydra
 13149 | Lair:2   | Killed a four-headed hydra
 13229 | Lair:2   | You fall through a shaft!
 13243 | Lair:3   | Reached ***** piety under Okawaru
 13243 | Lair:3   | Received a gift from Okawaru
 13564 | Lair:2   | Received a gift from Okawaru
 13626 | Lair:2   | Noticed Gastronok
 13651 | Lair:2   | Killed Gastronok
 13668 | Lair:2   | Received a gift from Okawaru
 13725 | Lair:2   | Found a staircase to the Shoals.
 13873 | Lair:2   | Received a gift from Okawaru
 13977 | Lair:3   | Noticed a five-headed hydra
 13983 | Lair:3   | Killed a five-headed hydra
 13983 | Lair:3   | Reached skill level 15 in Bows
 14175 | Lair:3   | Received a gift from Okawaru
 14239 | Lair:3   | Noticed an eight-headed hydra
 14264 | Lair:3   | Killed an eight-headed hydra
 14272 | Lair:3   | Reached skill level 10 in Fighting
 14472 | Lair:3   | Received a gift from Okawaru
 14721 | Lair:4   | Reached XP level 13. HP: 113/113 MP: 13/13
 14930 | Lair:4   | Found a hole to the Spider Nest.
 16217 | Lair:5   | Found a viscous altar of Jiyva.
 16217 | Lair:5   | Found a staircase to the Slime Pits.
 16272 | Lair:6   | Entered Level 6 of the Lair of Beasts
 16362 | Lair:6   | Reached ****** piety under Okawaru
 16541 | Lair:6   | Received a gift from Okawaru
 16799 | Lair:6   | Reached skill level 16 in Bows
 16809 | Lair:6   | Received a gift from Okawaru
 17102 | Lair:6   | Noticed a dire elephant
 17102 | Lair:6   | Noticed a dire elephant
 17115 | Lair:6   | Noticed a dire elephant
 17174 | Lair:6   | Noticed a dire elephant
 17183 | Lair:6   | Killed a dire elephant
 17272 | Lair:6   | Noticed a dire elephant
 17285 | Lair:6   | Killed a dire elephant
 17331 | Lair:6   | Killed a dire elephant
 17331 | Lair:6   | Received a gift from Okawaru
 17338 | Lair:6   | Killed a dire elephant
 17384 | Lair:6   | Killed a dire elephant
 17717 | D:12     | Reached XP level 14. HP: 124/124 MP: 14/14
 17741 | D:12     | Received a gift from Okawaru
 17752 | D:12     | Got a steaming centaur barding {god gift}
 17763 | D:12     | Identified the +0 centaur barding of Truth {rC+ rN+ Int-2 Dex+2} (Okawaru gifted it to you on level 12 of the Dungeon)
 17910 | D:12     | Found a staircase to the Orcish Mines.
 17935 | D:12     | Killed Rupert
 18545 | D:13     | Got a twisted longbow
 18546 | D:13     | Identified the +9 longbow of Righteous Anger {speed, rC+ MR+ Str+3} (You acquired it on level 13 of the Dungeon)
 18886 | D:13     | Found a runed door.
 18924 | D:13     | Found a blossoming altar of Fedhas.
 18963 | D:13     | Found a basalt altar of Yredelemnul.
 18979 | D:13     | Reached skill level 17 in Bows
 18991 | D:13     | Found a bloodstained altar of Trog.
 19020 | D:13     | Found a deep blue altar of Sif Muna.
 19053 | D:13     | Found a glowing silver altar of Zin.
 19127 | D:13     | Found an opulent altar of Gozag.
 19382 | D:13     | Got a crystal mace
 19383 | D:13     | Identified the cursed +1 mace "Glorpo" {drain, rElec rPois rC+ Stlth-} (You found it on level 13 of the Dungeon)
 19389 | D:13     | Got a slimy plate armour
 19400 | D:13     | Identified the cursed +0 plate armour of Hospitality {rC+} (You found it on level 13 of the Dungeon)
 19557 | D:14     | Noticed Louise
 19591 | D:14     | Killed Louise
 19962 | D:14     | Received a gift from Okawaru
 19962 | D:14     | Reached skill level 10 in Dodging
 20268 | D:14     | Found a gate to the Vaults.
 20453 | D:15     | Entered Level 15 of the Dungeon
 20871 | D:15     | Reached XP level 15. HP: 124/134 MP: 15/15
 20999 | D:15     | Found a staircase to the Depths.
 21120 | D:15     | Reached skill level 10 in Armour
 21136 | D:15     | Reached skill level 18 in Bows
 21404 | D:15     | Received a gift from Okawaru
 21580 | Orc:1    | Entered Level 1 of the Orcish Mines
 21730 | Orc:1    | Found a dark tunnel.
 21737 | Volcano  | Entered a volcano
 21892 | Volcano  | Received a gift from Okawaru
 21911 | Volcano  | Found a bloodstained altar of Trog.
 22342 | Orc:2    | Entered Level 2 of the Orcish Mines
 22342 | Orc:2    | Found Veneer's Magic Scroll Shop.
 22405 | Orc:2    | Found Quca's Book Shop.
 22411 | Orc:2    | Found a staircase to the Elven Halls.
 22535 | Orc:2    | Received a gift from Okawaru
 22536 | Orc:2    | Got a jewelled longbow {god gift}
 22588 | Orc:1    | Identified the +5 longbow of Doom {velocity, +Blink rF+ MR+ Str+3} (Okawaru gifted it to you on level 2 of the Orcish Mines)
 22692 | Orc:2    | Noticed an orc warlord
 22744 | Orc:2    | Killed an orc warlord
 23150 | Orc:2    | Found Vyleg's Food Shop.
 23150 | Orc:2    | Found Hely's Jewellery Boutique.
 23153 | Orc:2    | Found Enkihyum's Armour Boutique.
 23157 | Orc:2    | Found Daeppud's Antique Weapon Emporium.
 23171 | Orc:2    | Bought the cursed ring "Linogguwn" {rC+ MR+ Dex-3} for 257 gold pieces
 23254 | Orc:2    | Found Moddac's General Store.
 23467 | Orc:2    | Bought a +3 amulet of reflection for 400 gold pieces
 23515 | Elf:1    | Entered Level 1 of the Elven Halls
 23527 | Elf:1    | Received a gift from Okawaru
 23731 | Elf:1    | Received a gift from Okawaru
 24320 | Elf:2    | Reached XP level 16. HP: 111/144 MP: 16/16
 24398 | Elf:2    | Found a magical portal.
 24450 | WizLab   | Entered The Chambers of the Cloud Mage
 24727 | WizLab   | Reached skill level 19 in Bows
 24845 | WizLab   | Reached skill level 1 in Invocations
 25358 | WizLab   | Noticed Ynuazy
 25377 | WizLab   | Killed Ynuazy the Cloud Mage
 25923 | Elf:2    | Received a gift from Okawaru
 26000 | Elf:2    | Received a gift from Okawaru
 26121 | Elf:2    | Found Vaeck's Assorted Antiques.
 26252 | Elf:2    | Found a runed gate.
 26252 | Elf:2    | Found a runed gate.
 26252 | Elf:2    | Found a runed gate.
 26586 | Shoals:1 | Entered Level 1 of the Shoals
 27185 | Shoals:1 | Reached skill level 5 in Invocations
 27863 | Shoals:2 | Received a gift from Okawaru
 28070 | Shoals:3 | Reached XP level 17. HP: 152/152 MP: 21/21
 28110 | Shoals:3 | Reached skill level 20 in Bows
 28303 | Shoals:3 | Reached skill level 1 in Evocations
 28425 | Shoals:3 | HP: 7/154 [merfolk impaler/trident of protection (21)]
 28425 | Shoals:3 | Slain by a merfolk impaler

Skill      XL: |  1  2  3  4  5  6  7  8  9 10 11 12 13 14 15 16 17 |
---------------+----------------------------------------------------+-----
Bows           | 6 7 8 9 10 11 12 13 14 15 16 17 18 19 20 | 20.2
Armour         | 2 3 4 5 6 7 8 9 10 11 | 11.4
Dodging        | 2 3 4 5 6 8 9 10 11 | 11.8
Fighting       | 3 4 6 7 8 10 11 12 13 14 | 14.4
Maces & Flails | 1 2 4 6 7 |  7.0
Invocations    | 5 |  5.8
Evocations     | 1 |  1.2
Stealth        | |  0.4

Action                   |  1- 3 |  4- 6 |  7- 9 | 10-12 | 13-15 | 16-18 || total
-------------------------+-------+-------+-------+-------+-------+-------++-------
Melee: Short sword       |   111 |   201 |    44 |       |       |       ||   356
       Kick              |    20 |    42 |   130 |   141 |       |       ||   333
       Mace              |       |       |   133 |    32 |       |       ||   165
       Whip              |       |       |   257 |   447 |       |       ||   704
       Headbutt          |       |       |       |    13 |       |       ||    13
 Fire: Shortbow          |     9 |    35 |    71 |   583 |       |       ||   698
       Longbow           |       |       |       |   225 |  1262 |   859 ||  2346
Invok: Heroism           |       |       |       |     6 |     2 |     3 ||    11
       Finesse           |       |       |       |       |     2 |     1 ||     3
Evoke: Wand              |       |       |       |     7 |     5 |       ||    12
  Use: Scroll            |       |       |    12 |    15 |    14 |     6 ||    47
       Potion            |       |       |     2 |    13 |     1 |     2 ||    18
  Eat: Chunk             |       |     8 |     8 |    20 |     6 |       ||    42
       Royal jelly       |       |       |       |     1 |     1 |       ||     2
       Meat ration       |       |       |       |     1 |     3 |     2 ||     6
Armor: Leather armour    |    52 |    75 |       |       |       |       ||   127
       Ring mail         |       |    25 |   248 |       |       |       ||   273
       Scale mail        |       |       |   120 |   643 |   257 |   176 ||  1196
       Skin              |       |       |       |    23 |       |       ||    23
Dodge: Dodged            |    66 |    97 |   224 |   381 |   214 |   124 ||  1106
Block: Other             |       |       |       |       |       |     2 ||     2
